Map: [ESL] Cosmic Sapphire

Players

milkicow

  • Race: Terran Terran
  • Spawn Location: 5:00

goblin - Winner!

  • Race: Protoss Protoss
  • Spawn Location: 11:00

Event: DreamHack SC2 Masters 2022 Atlanta (Online)

VOD

Have the link to the VOD?

Description

Time

  • Played on: Oct. 9, 2022, 12:59 p.m.
  • Length: 12:25

All games in this series

Show
View Real Time Build Order
Export as new Build Order

milkicow Terran 

Build Orders:  

Get SALT Encoding   

  12  0:00  SCV  
  13  0:12  SCV  
  14  0:17  Supply Depot  
  14  0:24  SCV  
  15  0:39  SCV, Barracks  
  16  0:43  Refinery  
  16  0:51  SCV  
  16  0:53  Refinery  
  17  1:03  SCV  
  18  1:15  SCV  
  19  1:23  Supply Depot  
  19  1:29  Reaper, Orbital Command  
  20  1:41  Factory  
  20  1:54  SCV  
  21  2:01  Barracks Reactor  
  21  2:07  SCV  
  22  2:17  Command Center  
  22  2:20  SCV  
  23  2:30  Starport  
  23  2:41  Hellion x2  
  23  2:43  Supply Depot  
  27  2:45  SCV  
  28  2:57  SCV  
  29  3:03  Widow Mine  
  29  3:05  Widow Mine  
  33  3:10  SCV  
  34  3:13  Medivac  
  36  3:22  SCV  
  36  3:24  Widow Mine  
  39  3:28  Widow Mine  
  38  3:35  Barracks Tech Lab  
  38  3:36  SCV  
  38  3:37  Orbital Command  
  39  3:48  SCV  
  40  3:49  Widow Mine  
  40  3:50  Widow Mine  
  40  3:54  Medivac  
  46  4:00  SCV  
  45  4:03  SCV  
  45  4:08  Command Center  
  46  4:10  Widow Mine  
  46  4:12  SCV  
  46  4:15  SCV  
  46  4:16  Widow Mine  
  52  4:24  SCV  
  52  4:27  SCV  
  52  4:28  Armory  
  54  4:31  Supply Depot  
  54  4:38  Widow Mine  
  54  4:39  SCV x2  
  54  4:46  Widow Mine  
  54  4:50  Barracks  
  54  4:51  SCV x2, Stimpack  
  54  4:52  Barracks  
  52  4:59  Supply Depot  
  50  5:04  SCV x2, Widow Mine  
  54  5:07  Widow Mine  
  54  5:14  Engineering Bay x2  
  54  5:16  SCV  
  54  5:20  SCV  
  56  5:21  Orbital Command  
  56  5:23  Medivac  
  56  5:25  Refinery  
  56  5:28  SCV, Refinery  
  59  5:32  SCV  
  58  5:39  Widow Mine x2  
  58  5:40  Barracks Reactor, SCV  
  61  5:44  SCV  
  61  5:45  Barracks Reactor  
  62  5:50  SCV  
  62  5:52  SCV  
  62  5:56  SCV  
  62  5:57  Barracks, Terran Infantry Weapons Level 1  
  61  5:58  Barracks  
  61  5:59  Marine  
  61  6:02  SCV  
  61  6:03  Widow Mine x2  
  67  6:06  SCV  
  67  6:08  SCV  
  69  6:14  SCV  
  69  6:17  Marine x3  
  64  6:18  SCV  
  64  6:19  Missile Turret  
  64  6:20  SCV  
  64  6:24  Widow Mine  
  64  6:25  Medivac, Widow Mine  
  67  6:26  SCV  
  67  6:28  Supply Depot  
  67  6:30  SCV, Terran Infantry Armor Level 1  
  69  6:33  SCV  
  69  6:37  Marine x3  
  69  6:38  SCV, Marine  
  71  6:41  Combat Shield  
  71  6:42  SCV  
  71  6:45  SCV  
  71  6:46  Marine  
  74  6:52  Widow Mine x2  
  74  6:53  Marine  
  79  6:54  SCV, Marine x2  
  79  6:57  SCV  
  79  6:58  Starport Reactor  
  79  7:01  Marine  
  82  7:02  Missile Turret  
  82  7:04  Marine  
  82  7:05  Marauder, Marine  
  82  7:06  SCV  
  86  7:09  SCV  
  86  7:11  Marine  
  86  7:14  Barracks Tech Lab, Marine  
  84  7:18  Marine  
  84  7:19  SCV  
  84  7:21  SCV  
  85  7:25  Marine  
  85  7:26  Widow Mine x2, Marauder  
  92  7:31  SCV  
  92  7:33  SCV  
  86  7:43  Supply Depot  
  86  7:44  Supply Depot  
  86  8:00  Supply Depot  
  86  8:02  Supply Depot  
  86  8:05  Supply Depot, Medivac x2, Marine x4  
  86  8:09  Widow Mine  
  94  8:13  Marine  
  94  8:16  Marauder  
  94  8:21  Widow Mine  
  94  8:22  Marauder  
  94  8:23  Marine  
  94  8:25  Command Center  
  98  8:34  Widow Mine, Marine  
  98  8:35  Marine  
  98  8:37  Marauder  
  100  8:43  Marauder  
  100  8:44  Marine  
  100  8:45  SCV  
  100  8:46  Medivac x2  
  100  8:48  SCV  
  107  8:52  Ghost Academy  
  103  8:57  Barracks Tech Lab  
  103  8:58  Widow Mine x2  
  103  8:59  Marauder, Marine  
  110  9:03  Marine  
  113  9:15  Marine  
  113  9:17  SCV  
  113  9:18  SCV  
  113  9:23  Widow Mine  
  113  9:24  Widow Mine, Ghost  
  117  9:25  Ghost  
  117  9:27  Marine, Ghost  
  117  9:29  SCV  
  115  9:32  Supply Depot  
  115  9:35  Marine  
  115  9:37  Orbital Command  
  116  9:40  Marine  
  114  9:51  Marine  
  118  9:52  Widow Mine  
  118  9:53  Widow Mine  
  118  9:54  Medivac  
  118  9:56  Marauder  
  118  9:58  Marine  
  118  9:59  Marine  
  127  10:00  SCV, Marine  
  127  10:08  Marine  
  122  10:14  SCV  
  122  10:16  Marine x2  
  122  10:17  Liberator, Widow Mine, Marauder  
  122  10:18  SCV, Widow Mine, Marine  
  130  10:24  Orbital Command  
  130  10:26  SCV, Marine  
  131  10:34  Marine  
  131  10:35  Marine  
  125  10:44  Marauder  
  125  10:46  Marine  
  125  10:47  Marine  
  101  10:50  Orbital Command  
  101  10:53  Marine  
  84  10:58  SCV  
  75  11:05  Liberator  
  75  11:10  SCV, Orbital Command  
  76  11:14  Marine x2  
  75  11:24  Marauder, Marine  
  65  11:30  SCV x2  
  65  11:32  Marine  
  62  11:39  SCV  
  63  11:40  Marine  
  63  11:45  SCV  
  67  11:47  Marauder  
  67  11:48  Marine  
  67  11:52  SCV x2  
  70  11:56  Marine  
  70  11:57  SCV  
  71  12:01  Marine  
  71  12:04  SCV x2  
  71  12:06  Marine  
  74  12:09  SCV  
Show
View Real Time Build Order
Export as new Build Order

goblin Protoss - Winner!

Build Orders: 1 Gate Expand, Phoenix Opening, Colossus Rush 

Get SALT Encoding   

  12  0:00  Probe  
  13  0:12  Probe  
  14  0:17  Pylon  
  14  0:24  Probe (Chrono Boost)  
  15  0:36  Gateway, Probe (Chrono Boost)  
  16  0:44  Probe (Chrono Boost)  
  16  0:45  Assimilator  
  17  0:50  Probe  
  18  1:03  Probe  
  19  1:15  Probe  
  20  1:22  Nexus  
  20  1:32  Cybernetics Core  
  20  1:35  Probe  
  21  1:40  Assimilator  
  21  1:47  Probe  
  21  1:52  Pylon  
  22  1:59  Probe  
  23  2:07  Adept (Chrono Boost), Probe  
  25  2:15  Probe  
  25  2:16  Stargate  
  26  2:23  Warp Gate  
  26  2:26  Probe  
  27  2:32  Stalker  
  27  2:35  Probe  
  30  2:39  Probe (Chrono Boost)  
  31  2:47  Probe (Chrono Boost)  
  33  2:56  Probe (Chrono Boost)  
  33  2:57  Probe (Chrono Boost)  
  34  2:59  Phoenix  
  34  3:02  Probe (Chrono Boost)  
  34  3:03  Probe  
  38  3:08  Assimilator  
  38  3:13  Probe  
  38  3:15  Probe  
  38  3:17  Stalker  
  42  3:21  Pylon  
  42  3:26  Probe  
  42  3:27  Phoenix  
  42  3:39  Probe x2 (Chrono Boost)  
  43  3:50  Probe (Chrono Boost)  
  43  3:51  Probe (Chrono Boost)  
  43  3:52  Phoenix  
  43  3:55  Probe (Chrono Boost)  
  47  3:57  Probe (Chrono Boost)  
  47  4:01  Robotics Facility  
  49  4:05  Probe  
  49  4:08  Probe  
  51  4:16  Phoenix (Chrono Boost)  
  53  4:17  Probe  
  53  4:20  Pylon  
  53  4:23  Assimilator  
  54  4:38  Probe x2  
  56  4:39  Phoenix (Chrono Boost)  
  56  4:40  Nexus  
  58  4:50  Probe x2  
  58  4:56  Observer (Chrono Boost), Robotics Bay, Pylon  
  59  5:03  Gateway  
  59  5:05  Probe x2  
  59  5:06  Pylon  
  60  5:16  Phoenix, Observer (Chrono Boost)  
  60  5:20  Sentry, Pylon  
  65  5:23  Probe  
  65  5:24  Probe  
  68  5:35  Probe  
  68  5:41  Probe  
  68  5:43  Colossus (Chrono Boost)  
  74  5:51  Probe x2  
  74  5:53  Probe  
  77  6:01  Forge  
  77  6:06  Stalker  
  77  6:10  Probe  
  79  6:13  Probe x2  
  81  6:22  Probe  
  81  6:23  Extended Thermal Lance  
  81  6:24  Phoenix  
  81  6:25  Probe x2  
  86  6:32  Colossus (Chrono Boost)  
  92  6:35  Probe  
  92  6:37  Probe  
  92  6:38  Zealot x2  
  98  6:40  Protoss Ground Weapons Level 1 (Chrono Boost)  
  94  6:47  Probe x2  
  94  6:49  Probe, Assimilator  
  94  6:53  Assimilator  
  97  6:59  Probe x2  
  99  7:01  Probe  
  100  7:08  Gateway  
  100  7:10  Gateway  
  100  7:11  Probe  
  100  7:15  Twilight Council, Pylon  
  101  7:18  Pylon  
  101  7:33  Colossus (Chrono Boost), Probe x2  
  101  7:35  Probe, Blink (Chrono Boost)  
  108  7:43  Nexus, Photon Cannon  
  103  7:45  Probe x2, Pylon  
  103  7:46  Photon Cannon  
  103  7:47  Probe  
  106  7:52  Photon Cannon, Stalker x2  
  110  8:03  Probe  
  110  8:09  Probe x2  
  109  8:13  Observer  
  109  8:22  Zealot x4  
  109  8:27  Colossus (Chrono Boost)  
  117  8:33  Pylon  
  123  8:38  Pylon  
  123  8:39  Pylon  
  123  8:46  Protoss Ground Weapons Level 2 (Chrono Boost), Pylon  
  123  8:47  Pylon  
  123  8:53  Nexus  
  123  8:56  Pylon  
  123  8:57  Stalker x2  
  123  8:58  Stalker x2  
  131  9:07  Photon Cannon  
  129  9:12  Shield Battery  
  129  9:22  Gateway  
  129  9:23  Gateway  
  129  9:24  Probe, Gateway  
  130  9:25  Gateway  
  130  9:30  Templar Archives, Stalker x2  
  134  9:33  Charge (Chrono Boost)  
  134  9:37  Observer  
  134  9:40  Photon Cannon  
  132  9:46  Disruptor (Chrono Boost), Stalker x2  
  132  9:51  Robotics Facility  
  139  10:02  Stalker x2  
  140  10:24  Stalker  
  140  10:25  Stalker x6  
  105  11:02  Stalker x3  
  97  11:09  Gateway  
  97  11:13  Gateway  
  97  11:14  Gateway  
  91  11:26  Colossus (Chrono Boost)  
  91  11:28  Stalker  
  91  11:32  Robotics Facility  
  99  11:34  Gateway  
  99  11:36  Gateway  
  99  11:39  Pylon  
  99  11:43  Gateway  
  99  11:45  Gateway  
  99  11:46  Gateway  
  95  12:05  High Templar  
  95  12:06  High Templar  
  100  12:10  Archon, Stalker x2  
  109  12:20  Nexus  
  101  12:21  Pylon  
Tags
 
Add a new tag
Caveats
  • Supply blocks, unpowered buildings, or Contaminate may cause inaccurate times.
  • Supply counts are checked every 10 seconds.